 Dungeon Crawl Stone Soup version 0.25-a0-404-gc1b5a34 (webtiles) character file.

Game seed: 2202452727821979241, levelgen mode: deterministic

862 BlueFish the Insei (level 8, -10/49 HPs)
             Began as an Octopode Transmuter on Jan 11, 2020.
             Was a Follower of Sif Muna.
             Killed by divine providence
             ... invoked by an orc priest
              (12 damage)
             ... on level 6 of the Dungeon.
             The game lasted 00:11:30 (5664 turns).

BlueFish the Insei (Octopode Transmuter)            Turns: 5664, Time: 00:11:31

Health: -10/49     AC:  2    Str: 12    XL:     8   Next: 2%
Magic:  13/21      EV: 21    Int: 15    God:    Sif Muna [*.....]
Gold:   180        SH:  0    Dex: 17    Spells: 3/13 levels left

rFire    . . .     SeeInvis .     - Unarmed
rCold    + . .     Gourm    .   (shield currently unavailable)
rNeg     . . .     Faith    .   (helmet currently unavailable)
rPois    x         Spirit   .   (no amulet)
rElec    .         Reflect  .   d - ring of magical power
rCorr    .         Harm     .   v - ring of Eternity {+Blink rC+ MR+}
MR       +....                  (no ring)
Stlth    +++.......             (no ring)
HPRegen  0.16/turn              (no ring)
MPRegen  0.17/turn              (no ring)
                                (no ring)
                                (no ring)

@: spider-form, very slightly contaminated, hasted, very quick
A: tiny, almost no armour, stealthy swim, (amphibious), 8 rings, (constrict 8)
a: End Transformation, Channel Magic, Renounce Religion, Evoke Blink


You were on level 6 of the Dungeon.
You worshipped Sif Muna.
Sif Muna was aware of your devotion.
You were near starving.
You were a venomous arachnid creature.
You visited 1 branch of the dungeon, and saw 6 of its levels.

You collected 180 gold pieces.

Inventory:

Missiles
 a - 62 arrows
Armour
 n - a +2 hat (melded)
Jewellery
 d - a ring of magical power (left front leg)
 v - the ring of Eternity (right front leg) {+Blink rC+ MR+}
   (You found it on level 5 of the Dungeon)

   [ring of protection from magic]

   It protects you from cold.
   It affects your resistance to hostile enchantments.
   It lets you blink.
Scrolls
 f - a scroll of acquirement {unknown}
 h - a scroll of enchant weapon {unknown}
 i - 2 scrolls of blinking
Potions
 b - 2 potions of brilliance {unknown}
 e - 2 potions of lignification
 g - a potion of agility
 j - a potion of resistance
 l - a potion of heal wounds {unknown}
 m - a potion of cancellation {unknown}
 o - a potion of flight {unknown}
 q - a potion of curing {unknown}
 u - a potion of invisibility {unknown}
Comestibles
 c - 8 rations


   Skills:
 + Level 1.6 Fighting
 + Level 3.2 Dodging
 + Level 3.7 Stealth
 + Level 5.7 Unarmed Combat
 - Level 3.1 Spellcasting
 + Level 4.3 Transmutations
 * Level 3.8 Poison Magic


You had 3 spell levels left.
You knew the following spells:

 Your Spells              Type           Power        Failure   Level  Hunger
a - Beastly Appendage     Tmut           ###...       11%         1    #......
b - Sticks to Snakes      Tmut           ###.....     14%         2    ##.....
c - Spider Form           Tmut/Pois      ##........   26%         3    ###....
d - Ice Form              Ice/Tmut       #.......     82%         4    #####..

Your spell library contained the following spells:

 Spells                   Type           Power        Failure   Level  Hunger
 Blade Hands              Tmut           ###.......   85%         5    ######.


Dungeon Overview and Level Annotations

Branches:
Dungeon (6/15)             Temple (0/1) D:5

Altars:
Ashenzari
Kikubaaqudgha
Okawaru
Sif Muna
Trog


Innate Abilities, Weirdness & Mutations

You cannot wear most types of armour.
You are very stealthy in the water. (Stealth+)
((You are amphibious.))
You can wear up to eight rings at the same time.
((You can use your tentacles to constrict eight enemies at once.))
((Your skin changes colour to match your surroundings (Stealth+).))
((Your rubbery body absorbs attacks. (AC +1, EV +1)))


Message History

Casting: Sticks to Snakes (safe; 14% risk of failure)
Confirm with . or Enter, or press ? or * to list all spells.
You miscast Sticks to Snakes.
Strange energies run through your body. The orc warrior completely misses you.
Casting: Sticks to Snakes (safe; 14% risk of failure)
Confirm with . or Enter, or press ? or * to list all spells.
You create a snake!
You now have 62 arrows.
The orc warrior misses you.
The orc warrior barely misses your ball python.
Your ball python bites the orc warrior but does no damage.
Your ball python grabs the orc warrior.
Your ball python constricts the orc warrior.
The orc warrior struggles to escape constriction.
You see here a leopard gecko corpse.
The orc priest mumbles some strange prayers to Beogh against you.
Beogh smites you!
* * * LOW HITPOINT WARNING * * *
You feel yourself speed up.
The orc priest invokes the aid of Beogh against you.
Beogh smites you!
You die...

.#....#.......# #...# #.
#.############# #...# #.
.....# #*###*###...####
#. #.##.#
#.....#........## #.
#.##.# #.....#.##......##
#. ..##.#
#........#.......#*** #.
####.#
#.....#............,* ##
#**#.#
#.....#..#.......##,****
.,,..#
**#....s†....#..#..,,,,,
##*###
**#.<.##.#o##...##.#,***,
*....,*#.#)#*####*,*,***,
*.*,,,*#.o.S* *,*,,**,
*,***,*###..#** *,**,**,
*,* *,***....,* *,**,**,
*,* *,,,,.....* *,,,,,,,
*,* *****.....* *,,,,,,*
*,******#..)..# *,,,,,,*


You could see an orc warrior and an orc priest.

Vanquished Creatures
  Sigmund (D:3)
  A phantom (D:5)
  A centaur (D:5)
  A bullfrog (D:6)
  A scorpion (D:6)
  2 howler monkeys (D:4)
  3 hounds
  An iguana (D:5)
  A worker ant (D:6)
  Natasha (twice) (D:3)
  4 adders
  An ooze (D:1)
  An adder zombie (D:5)
  2 worms (D:2)
  3 dart slugs
  4 leopard geckos
  17 orcs
  3 giant cockroaches
  9 goblins
  6 hobgoblins
  A jackal (D:3)
  6 kobolds
  A quokka (D:2)
  A ball python (D:4)
  9 bats
  3 frilled lizards
  A quokka zombie (D:5)
  6 rats
92 creatures vanquished.

Notes
Turn   | Place    | Note
-------+----------+-------------------------------------------
     0 | D:1      | BlueFish the Octopode Transmuter began the quest for the
                  | Orb.
     0 | D:1      | Reached XP level 1. HP: 13/13 MP: 3/3
    96 | D:1      | Reached XP level 2. HP: 14/18 MP: 3/5
   742 | D:1      | Reached XP level 3. HP: 12/23 MP: 6/6
  1478 | D:2      | Reached skill level 1 in Stealth
  1488 | D:2      | Learned a level 2 spell: Sticks to Snakes
  1492 | D:2      | Learned a level 3 spell: Spider Form
  1708 | D:2      | Reached XP level 4. HP: 17/28 MP: 7/7
  2142 | D:2      | Found a shimmering blue altar of Sif Muna.
  2142 | D:2      | Found an iron altar of Okawaru.
  2143 | D:2      | Found an ancient bone altar of Kikubaaqudgha.
  2207 | D:3      | Reached skill level 1 in Poison Magic
  2355 | D:2      | Became a worshipper of Sif Muna the Loreminder
  2380 | D:3      | Reached XP level 5. HP: 26/33 MP: 9/9
  2664 | D:3      | Noticed Sigmund
  2676 | D:3      | Killed Sigmund
  2676 | D:3      | Reached skill level 4 in Unarmed Combat
  2676 | D:3      | Reached XP level 6. HP: 38/38 MP: 10/10
  2999 | D:3      | Noticed Natasha
  3049 | D:3      | Killed Natasha
  3294 | D:3      | Noticed Natasha
  3305 | D:3      | Killed Natasha
  3327 | D:3      | Learned a level 4 spell: Ice Form
  3888 | D:4      | Found a shattered altar of Ashenzari.
  4056 | D:4      | Reached skill level 5 in Unarmed Combat
  4056 | D:4      | Reached XP level 7. HP: 43/43 MP: 11/11
  4349 | D:5      | Entered Level 5 of the Dungeon
  4352 | D:5      | Found a staircase to the Ecumenical Temple.
  4592 | D:5      | Reached * piety under Sif Muna
  5111 | D:5      | Found a bloodstained altar of Trog.
  5118 | D:5      | Got a bound steel ring
  5119 | D:5      | Identified the ring of Eternity {+Blink rC+ MR+} (You found
                  | it on level 5 of the Dungeon)
  5649 | D:6      | Reached XP level 8. HP: 46/49 MP: 12/12
  5663 | D:6      | HP: 2/49 [orc priest/divine providence (13)]
  5664 | D:6      | Killed from afar by an orc priest

Levels and vault maps discovered:
D:1:      minmay_arrival_up_and_down, layout_loops_ring
D:2:      wad_pebble_path, layout_loops_ring, nicolae_overflow_hidden_temple
D:3:      layout_basic, kennysheep_generic_room_15, uniq_sigmund, uniq_natasha
D:4:      layout_loops_corners, nicolae_ashenzari_panopticon
D:5:      layout_loops_ring, kennysheep_little_box, minmay_temple_entry_arrows,
          first_ration
D:6:      layout_loops_cross

Skill      XL: |  1  2  3  4  5  6  7 |
---------------+----------------------+-----
Stealth        | 1 2 3 |  3.7
Poison Magic   | 1 2 3 |  3.8
Unarmed Combat | 4 5 |  5.7
Spellcasting   | 3 |  3.1
Transmutations | 3 4 |  4.3
Dodging        | 3 |  3.2
Fighting       | |  1.6

Action                   |  1- 3 |  4- 6 |  7- 9 || total
-------------------------+-------+-------+-------++-------
Melee: Unarmed           |    84 |    98 |    64 ||   246
       Constrict         |    21 |    22 |    14 ||    57
       Tentacles         |    13 |     8 |     9 ||    30
       Kick              |    12 |    13 |    15 ||    40
       Punch             |     1 |     1 |     3 ||     5
 Cast: Beastly Appendage |    21 |    17 |     9 ||    47
       Spider Form       |       |     5 |     3 ||     8
       Sticks to Snakes  |       |       |     4 ||     4
  Use: Scroll            |     3 |       |    10 ||    13
       Potion            |       |       |     1 ||     1
 Stab: Sleeping          |     4 |     6 |     2 ||    12
  Eat: Chunk             |     3 |     8 |     4 ||    15
Armor: Skin              |    16 |     4 |     2 ||    22
Dodge: Dodged            |    57 |    50 |    41 ||   148

Table legend:
 A = Non-vault XP
 B = Vault XP
 C = Vault XP percentage of total XP
 D = Non-vault monster count
 E = Vault monster count
 F = Vault count percentage of total count
                 A         B        C        D         E       F
            +---------+---------+-------+---------+---------+-------
      Total |     963 |     269 |  21.8 |      88 |       4 |   4.3
            +---------+---------+-------+---------+---------+-------
        D:1 |      36 |       0 |   0.0 |      17 |       0 |   0.0
        D:2 |      68 |       0 |   0.0 |      27 |       0 |   0.0
        D:3 |     124 |     269 |  68.4 |      17 |       4 |  19.0
        D:4 |     215 |       0 |   0.0 |      10 |       0 |   0.0
        D:5 |     309 |       0 |   0.0 |       8 |       0 |   0.0
        D:6 |     211 |       0 |   0.0 |       9 |       0 |   0.0
            +---------+---------+-------+---------+---------+-------
